APP
ELIZABETHTON TWINS @ DETROIT (APP) TIGERS
10/02/2048
 
TOP OF THE 1ST
Elizabethton Twins batting - Pitching for Detroit (APP) Tigers : LHP Randolph Main
Pitching: LHP Randolph Main
Batting: RHB Fhil Mikrakin 0-0: Fly out, F9 (Flyball, 89M, EV 88.8 MPH)
Batting: RHB Ryan Starks 0-0: Reached on error, E6 (Groundball, P, EV 82.5 MPH)
Batting: RHB Josh Harmon 0-0: Ball
1-0: Foul Ball, location: 2F
1-1: Called Strike
1-2: Ball
2-2: Strikes out swinging
Batting: RHB Hisao Takei 0-0: Ball
1-0: Foul Ball, location: 2F
1-1: Called Strike
1-2: Ball
2-2: Strikes out swinging
Top of the 1st over - 0 runs, 0 hits, 1 error, 1 left on base; Elizabethton 0 - Detroit (APP) 0
BOTTOM OF THE 1ST
Detroit (APP) Tigers batting - Pitching for Elizabethton Twins : LHP Chris Smith
Pitching: LHP Chris Smith
Batting: LHB Timotheus Young 0-0: Called Strike
0-1: Ball
1-1: Hit by Pitch
Batting: RHB Norm Wood 0-0: Ball
1-0: Ball
2-0: Ball
3-0: Called Strike
3-1: Base on Balls
Timotheus Young to second
Batting: RHB Ernst Meloche 0-0: Ball
1-0: Foul Ball, location: 2F
1-1: SINGLE (Line Drive, 34D, EV 110.0 MPH)
Timotheus Young to third
Norm Wood to second
Batting: RHB Kevin Steed 0-0: Ball
1-0: Ball
2-0: Ball
3-0: Called Strike
3-1: Swinging Strike
3-2: Foul Ball, location: 2F
3-2: Base on Balls
Timotheus Young scores
Norm Wood to third
Ernst Meloche to second
Batting: RHB Nate Dabney 0-0: Swinging Strike
0-1: Foul Ball, location: 2F
0-2: Ball
1-2: Fly out, F9 (Flyball, 89M, EV 80.6 MPH)
Batting: SHB Ronnie Lundy 0-0: Ball
1-0: Foul Ball, location: 2F
1-1: Ball
Wild Pitch!
Norm Wood scores
Ernst Meloche to third
Kevin Steed to second
2-1: Foul Ball, location: 2F
2-2: Foul Ball, location: 2F
2-2: Foul Ball, location: 2F
2-2: Ground out 6-3 (Groundball, 6, EV 100.6 MPH)
Ernst Meloche scores
Batting: LHB Glen Boyle 0-0: Called Strike
0-1: Ground out 1-3 (Groundball, 13S, EV 70.6 MPH)
Bottom of the 1st over - 3 runs, 1 hit, 0 errors, 1 left on base; Elizabethton 0 - Detroit (APP) 3
TOP OF THE 2ND
Elizabethton Twins batting - Pitching for Detroit (APP) Tigers : LHP Randolph Main
Batting: SHB Nadhir Umayr 0-0: Ball
1-0: Foul Ball, location: 2F
1-1: Ball
2-1: Foul Ball, location: 2F
2-2: Ball
3-2: Strikes out swinging
Batting: RHB Nestor Moreno 0-0: Foul Ball, location: 2F
0-1: Ball
1-1: Swinging Strike
1-2: Ball
2-2: Foul Ball, location: 2F
2-2: DOUBLE (Line Drive, 89D, EV 109.4 MPH)
Batting: SHB Rodrigo Mendoza 0-0: Ball
1-0: Ball
2-0: Ball
3-0: Base on Balls
Batting: LHB David Ramos 0-0: SINGLE (Line Drive, 8LS, EV 104.4 MPH)
Nestor Moreno to third
Rodrigo Mendoza to second
Batting: LHB Joey Zamora 0-0: Called Strike
0-1: Called Strike
0-2: Ball
1-2: Hit by Pitch
Nestor Moreno scores
Rodrigo Mendoza to third
David Ramos to second
Batting: RHB Fhil Mikrakin 0-0: Foul Ball, location: 2F
0-1: Foul Ball, location: 2F
0-2: Strikes out swinging
Batting: RHB Ryan Starks 0-0: Ball
1-0: Fly out, F9 (Line Drive, 89M, EV 96.9 MPH)
Top of the 2nd over - 1 run, 2 hits, 0 errors, 3 left on base; Elizabethton 1 - Detroit (APP) 3
BOTTOM OF THE 2ND
Detroit (APP) Tigers batting - Pitching for Elizabethton Twins : LHP Chris Smith
Batting: RHB Yasutaka Yamasaki 0-0: Called Strike
0-1: Called Strike
0-2: Ball
1-2: Ball
2-2: Ball
3-2: SOLO HOME RUN (Flyball, 7LD, EV 91.2 MPH), Distance : 356 ft
Batting: SHB Salvador Lacosta 0-0: Swinging Strike
0-1: Swinging Strike
0-2: Strikes out swinging
Batting: LHB Timotheus Young 0-0: Ball
1-0: Swinging Strike
1-1: Ball
2-1: Ball
3-1: Base on Balls
Batting: RHB Norm Wood 0-0: SINGLE (Groundball, 6MD, EV 109.4 MPH)
Timotheus Young to second
Batting: RHB Ernst Meloche 0-0: Called Strike
0-1: Ball
1-1: Reached on error, E6 (Groundball, 56, EV 103.1 MPH)
Timotheus Young to third
Norm Wood to second
Batting: RHB Kevin Steed 0-0: Ball
1-0: Fly out, F9 (Flyball, 9LS, EV 81.9 MPH)
Batting: RHB Nate Dabney 0-0: Fielders Choice at 2nd, 6-4 (Groundball, 6, EV 105.6 MPH)
Bottom of the 2nd over - 1 run, 2 hits, 1 error, 3 left on base; Elizabethton 1 - Detroit (APP) 4
TOP OF THE 3RD
Elizabethton Twins batting - Pitching for Detroit (APP) Tigers : LHP Randolph Main
Batting: RHB Josh Harmon 0-0: Foul Ball, location: 2F
0-1: Foul Ball, location: 2F
0-2: Foul Ball, location: 2F
0-2: Foul Ball, location: 2F
0-2: Ball
1-2: Ground out 4-3 (Groundball, 4, EV 87.5 MPH)
Batting: RHB Hisao Takei 0-0: Ball
1-0: Called Strike
1-1: Ball
2-1: Foul Ball, location: 2F
2-2: Ball
3-2: SINGLE (Groundball, 6M, EV 100.0 MPH)
Batting: SHB Nadhir Umayr 0-0: Fielders Choice at 2nd, 6-4 (Groundball, 6, EV 106.9 MPH)
Batting: RHB Nestor Moreno 0-0: Ball
1-0: Foul Ball, location: 2F
1-1: Ball
2-1: Ball
3-1: Foul Ball, location: 2F
3-2: Base on Balls
Nadhir Umayr to second
Batting: SHB Rodrigo Mendoza 0-0: Ball
1-0: Ball
2-0: DOUBLE (Flyball, 8RXD, EV 91.2 MPH)
Nadhir Umayr scores
Nestor Moreno to third
Runner from 3rd tries for Home, SAFE, throw by CF to home
Batting: LHB David Ramos 0-0: Ball
1-0: Ball
2-0: Foul Ball, location: 2F
2-1: Ground out 6-3 (Groundball, 6, EV 88.8 MPH)
Top of the 3rd over - 2 runs, 2 hits, 0 errors, 1 left on base; Elizabethton 3 - Detroit (APP) 4
BOTTOM OF THE 3RD
Detroit (APP) Tigers batting - Pitching for Elizabethton Twins : LHP Chris Smith
Batting: SHB Ronnie Lundy 0-0: Ball
1-0: Ball
2-0: Ball
3-0: Called Strike
3-1: Base on Balls
Batting: LHB Glen Boyle 0-0: Ball
1-0: SINGLE (Groundball, 4MD, EV 105.6 MPH)
Ronnie Lundy to second
Batting: RHB Yasutaka Yamasaki 0-0: Called Strike
0-1: Called Strike
0-2: Strikes out looking
Batting: SHB Salvador Lacosta 0-0: Foul Ball, location: 2F
0-1: Ball
1-1: Foul Ball, location: 2F
1-2: Fly out, F3 (Line Drive, 34, EV 73.8 MPH)
Lined into DP, U3 (Line Drive, 34, EV 65.6 MPH)
Bottom of the 3rd over - 0 runs, 1 hit, 0 errors, 1 left on base; Elizabethton 3 - Detroit (APP) 4
TOP OF THE 4TH
Elizabethton Twins batting - Pitching for Detroit (APP) Tigers : LHP Randolph Main
Batting: LHB Joey Zamora 0-0: Ball
1-0: Fly out, F8 (Flyball, 8LD, EV 90.6 MPH)
Batting: RHB Fhil Mikrakin 0-0: Foul Ball, location: 2F
0-1: Ball
1-1: Ball
2-1: Foul Ball, location: 2F
2-2: Foul Ball, location: 2F
2-2: Foul Ball, location: 2F
2-2: Ball
3-2: Base on Balls
Batting: RHB Ryan Starks 0-0: Ball
1-0: Ball
2-0: Called Strike
Fhil Mikrakin steals 2nd base
2-1: Foul Ball, location: 2F
2-2: SINGLE (Groundball, 4, EV 96.9 MPH) (infield hit)
Fhil Mikrakin to third
Batting: RHB Josh Harmon 0-0: Ball
1-0: Ball
2-0: Ball
3-0: Called Strike
3-1: Base on Balls
Ryan Starks to second
Batting: RHB Hisao Takei 0-0: Ball
1-0: Ball
2-0: Foul Ball, location: 2F
2-1: Ball
3-1: Base on Balls
Fhil Mikrakin scores
Ryan Starks to third
Josh Harmon to second
Batting: SHB Nadhir Umayr 0-0: Ball
1-0: Ball
2-0: Foul Ball, location: 2F
2-1: Foul Ball, location: 2F
2-2: Fielders Choice at 2nd, 3-6 (Groundball, 34, EV 101.9 MPH)
Ryan Starks scores
Josh Harmon to third
Batting: RHB Nestor Moreno 0-0: Ball
1-0: Ball
2-0: Ball
3-0: Called Strike
3-1: Foul Ball, location: 2F
3-2: DOUBLE (Line Drive, 89D, EV 101.9 MPH)
Josh Harmon scores
Nadhir Umayr to third
Nadhir Umayr scores
Pitching: RHP Bert Hernandez
Batting: SHB Rodrigo Mendoza 0-0: Foul Ball, location: 2F
0-1: SINGLE (Groundball, 3S, EV 66.2 MPH) (infield hit)
Nestor Moreno to third
Batting: LHB David Ramos 0-0: Ball
1-0: Called Strike
1-1: Foul Ball, location: 2F
1-2: Ball
2-2: Strikes out looking
Top of the 4th over - 4 runs, 3 hits, 0 errors, 2 left on base; Elizabethton 7 - Detroit (APP) 4
BOTTOM OF THE 4TH
Detroit (APP) Tigers batting - Pitching for Elizabethton Twins : LHP Chris Smith
Pitching: LHP Mike Horton
Batting: LHB Timotheus Young 0-0: Foul Ball, location: 2F
0-1: Ball
1-1: Ball
2-1: Swinging Strike
2-2: Foul Ball, location: 2F
2-2: Ball
3-2: Foul Ball, location: 2F
3-2: Foul Ball, location: 2F
3-2: Strikes out looking
Batting: RHB Norm Wood 0-0: Fly out, F8 (Flyball, 78D, EV 103.8 MPH)
Batting: RHB Ernst Meloche 0-0: Ball
1-0: Swinging Strike
1-1: Ground out 5-3 (Groundball, 56, EV 96.2 MPH)
Bottom of the 4th over - 0 runs, 0 hits, 0 errors, 0 left on base; Elizabethton 7 - Detroit (APP) 4
TOP OF THE 5TH
Elizabethton Twins batting - Pitching for Detroit (APP) Tigers : RHP Bert Hernandez
Batting: LHB Joey Zamora 0-0: Foul Ball, location: 2F
0-1: Ball
1-1: Ball
2-1: Ground out 4-3 (Groundball, 34, EV 81.9 MPH)
Batting: RHB Fhil Mikrakin 0-0: Swinging Strike
0-1: Foul Ball, location: 2F
0-2: Fly out, F7 (Flyball, 78M, EV 85.6 MPH)
Batting: RHB Ryan Starks 0-0: Called Strike
0-1: Ground out 4-3 (Groundball, 4, EV 103.8 MPH)
Top of the 5th over - 0 runs, 0 hits, 0 errors, 0 left on base; Elizabethton 7 - Detroit (APP) 4
BOTTOM OF THE 5TH
Detroit (APP) Tigers batting - Pitching for Elizabethton Twins : LHP Mike Horton
Batting: RHB Kevin Steed 0-0: Ground out 4-3 (Groundball, 4, EV 93.1 MPH)
Batting: RHB Nate Dabney 0-0: Fly out, F9 (Flyball, 9, EV 95.0 MPH)
Batting: SHB Ronnie Lundy 0-0: Called Strike
0-1: Ball
1-1: SOLO HOME RUN (Flyball, 78XD, EV 108.8 MPH), Distance : 427 ft
Batting: LHB Glen Boyle 0-0: Called Strike
0-1: Ground out 5-3 (Groundball, 6, EV 98.1 MPH)
Bottom of the 5th over - 1 run, 1 hit, 0 errors, 0 left on base; Elizabethton 7 - Detroit (APP) 5
TOP OF THE 6TH
Elizabethton Twins batting - Pitching for Detroit (APP) Tigers : RHP Bert Hernandez
Batting: RHB Josh Harmon 0-0: Called Strike
0-1: Ball
1-1: Foul Ball, location: 2F
1-2: Hit by Pitch
Batting: RHB Hisao Takei 0-0: Ball
1-0: Foul Ball, location: 2F
1-1: Foul Ball, location: 2F
1-2: Ball
2-2: Foul Ball, location: 2F
2-2: Strikes out swinging
Batting: SHB Nadhir Umayr 0-0: Called Strike
0-1: Foul Ball, location: 2F
0-2: Strikes out swinging
Batting: RHB Nestor Moreno 0-0: Foul Ball, location: 2F
0-1: Ball
1-1: Called Strike
Josh Harmon is caught stealing 2nd base 2-4
Top of the 6th over - 0 runs, 0 hits, 0 errors, 0 left on base; Elizabethton 7 - Detroit (APP) 5
BOTTOM OF THE 6TH
Detroit (APP) Tigers batting - Pitching for Elizabethton Twins : LHP Mike Horton
Batting: RHB Yasutaka Yamasaki 0-0: Ball
1-0: Ball
2-0: Called Strike
2-1: Foul Ball, location: 2F
2-2: Foul Ball, location: 2F
2-2: Ball
3-2: Base on Balls
Batting: SHB Salvador Lacosta 0-0: Ball
1-0: Ball
2-0: Grounds into double play, 6-4-3 (Groundball, 6, EV 93.1 MPH)
Batting: LHB Timotheus Young 0-0: Called Strike
0-1: Foul Ball, location: 2F
0-2: Ground out 4-3 (Groundball, 4, EV 85.0 MPH)
Bottom of the 6th over - 0 runs, 0 hits, 0 errors, 0 left on base; Elizabethton 7 - Detroit (APP) 5
TOP OF THE 7TH
Elizabethton Twins batting - Pitching for Detroit (APP) Tigers : RHP Bert Hernandez
Pitching: LHP Jim Belcher
Batting: RHB Nestor Moreno 0-0: Ball
1-0: Called Strike
1-1: Ball
2-1: Called Strike
2-2: Ball
3-2: Foul Ball, location: 2F
3-2: Strikes out swinging
Batting: SHB Rodrigo Mendoza 0-0: Ball
1-0: Called Strike
1-1: Ground out 1-3 (Groundball, 15S, EV 64.4 MPH)
Batting: LHB David Ramos 0-0: Swinging Strike
0-1: SOLO HOME RUN (Line Drive, 7D, EV 96.9 MPH), Distance : 382 ft
Batting: LHB Joey Zamora 0-0: Ball
1-0: Called Strike
1-1: Swinging Strike
1-2: Strikes out swinging
Top of the 7th over - 1 run, 1 hit, 0 errors, 0 left on base; Elizabethton 8 - Detroit (APP) 5
BOTTOM OF THE 7TH
Detroit (APP) Tigers batting - Pitching for Elizabethton Twins : LHP Mike Horton
Now in LF: Raul Aldaz
Batting: RHB Norm Wood 0-0: Ball
1-0: Called Strike
1-1: Ball
2-1: Foul Ball, location: 2F
2-2: Strikes out swinging
Batting: RHB Ernst Meloche 0-0: Swinging Strike
0-1: Ball
1-1: Ball
2-1: Called Strike
2-2: Foul Ball, location: 2F
2-2: SINGLE (Groundball, 6MD, EV 102.5 MPH)
Batting: RHB Kevin Steed 0-0: Called Strike
0-1: Ball
1-1: Foul Ball, location: 2F
1-2: Ball
2-2: SINGLE (Groundball, 56D, EV 100.0 MPH)
Ernst Meloche to second
Pitching: RHP Karel Braaksma
Batting: RHB Nate Dabney 0-0: Ball
1-0: Called Strike
1-1: Foul Ball, location: 2F
1-2: Grounds into double play, 6-4-3 (Groundball, 6, EV 101.9 MPH)
Bottom of the 7th over - 0 runs, 2 hits, 0 errors, 1 left on base; Elizabethton 8 - Detroit (APP) 5
TOP OF THE 8TH
Elizabethton Twins batting - Pitching for Detroit (APP) Tigers : LHP Jim Belcher
Pitching: RHP Mike Santana
Batting: RHB Fhil Mikrakin 0-0: Called Strike
0-1: Foul Ball, location: 2F
0-2: Strikes out looking
Batting: RHB Ryan Starks 0-0: Ball
1-0: Called Strike
1-1: Swinging Strike
1-2: Foul Ball, location: 2F
1-2: Strikes out swinging
Batting: RHB Josh Harmon 0-0: SINGLE (Groundball, 34S, EV 69.4 MPH) (infield hit)
Batting: RHB Hisao Takei 0-0: Ball
1-0: Ball
2-0: Called Strike
2-1: Called Strike
2-2: Ball
3-2: Foul Ball, location: 2F
3-2: Foul Ball, location: 2F
3-2: Foul Ball, location: 2F
3-2: Strikes out swinging
Top of the 8th over - 0 runs, 1 hit, 0 errors, 1 left on base; Elizabethton 8 - Detroit (APP) 5
BOTTOM OF THE 8TH
Detroit (APP) Tigers batting - Pitching for Elizabethton Twins : RHP Karel Braaksma
Pitching: LHP Choji Tominaga
Batting: SHB Ronnie Lundy 0-0: Ball
1-0: Ball
2-0: Ball
3-0: Called Strike
3-1: Foul Ball, location: 2F
3-2: SINGLE (Flyball, 7LS, EV 103.8 MPH)
Batting: LHB Glen Boyle 0-0: Ball
1-0: Foul Ball, location: 2F
1-1: Ball
2-1: Ball
3-1: Base on Balls
Ronnie Lundy to second
Batting: RHB Yasutaka Yamasaki 0-0: Ball
1-0: Foul Ball, location: 2F
1-1: Ball
2-1: Swinging Strike
2-2: Strikes out swinging
Batting: SHB Salvador Lacosta 0-0: Called Strike
0-1: Ball
1-1: Ball
2-1: Called Strike
2-2: Fielders Choice at 2nd, 3-6 (Groundball, 3S, EV 77.5 MPH)
Ronnie Lundy to third
Batting: LHB Timotheus Young 0-0: Ball
1-0: SINGLE (Line Drive, 34D, EV 102.5 MPH)
Ronnie Lundy scores
Salvador Lacosta to second
Batting: RHB Norm Wood 0-0: Ball
1-0: Foul Ball, location: 2F
1-1: Ball
2-1: Foul Ball, location: 2F
2-2: SINGLE (Line Drive, 6D, EV 98.8 MPH)
Salvador Lacosta to third
Timotheus Young to second
Batting: RHB Ernst Meloche 0-0: Ball
1-0: Ground out 4-3 (Groundball, 4, EV 85.0 MPH)
Bottom of the 8th over - 1 run, 3 hits, 0 errors, 3 left on base; Elizabethton 8 - Detroit (APP) 6
TOP OF THE 9TH
Elizabethton Twins batting - Pitching for Detroit (APP) Tigers : RHP Mike Santana
Batting: SHB Nadhir Umayr 0-0: Ball
1-0: Swinging Strike
1-1: Called Strike
1-2: Ball
2-2: Ball
3-2: Base on Balls
Batting: RHB Nestor Moreno 0-0: Bunted foul
0-1: Sac Bunt to 5S - play at first, batter OUT! 5-3
Nadhir Umayr to second
Batting: SHB Rodrigo Mendoza 0-0: Ball
Nadhir Umayr steals 3rd base
1-0: Ball
2-0: Ball
3-0: Swinging Strike
3-1: Fly out, F7 (Flyball, 7LS, EV 94.4 MPH)
Runner from 3rd tags up, OUT at HOME! 7-2
Top of the 9th over - 0 runs, 0 hits, 0 errors, 0 left on base; Elizabethton 8 - Detroit (APP) 6
BOTTOM OF THE 9TH
Detroit (APP) Tigers batting - Pitching for Elizabethton Twins : LHP Choji Tominaga
Pitching: RHP Ron Didkowsky
Batting: RHB Kevin Steed 0-0: Ball
1-0: Ball
2-0: Ball
3-0: Base on Balls
DELAY Rain delay of 20 minutes in the 9th inning.
Batting: RHB Nate Dabney 0-0: Ball
1-0: Ball
2-0: Foul Ball, location: 2F
2-1: Fielders Choice at 2nd, 5-4 (Groundball, 56S, EV 91.2 MPH)
Batting: SHB Ronnie Lundy 0-0: Called Strike
0-1: Ball
Passed Ball!
Nate Dabney to second
1-1: Swinging Strike
1-2: Strikes out swinging
Batting: LHB Glen Boyle 0-0: Ball
1-0: Foul Ball, location: 2F
1-1: Foul Ball, location: 2F
1-2: Foul Ball, location: 2F
1-2: Ball
2-2: Ground out 4-3 (Groundball, 4, EV 91.9 MPH)
Bottom of the 9th over - 0 runs, 0 hits, 0 errors, 1 left on base; Elizabethton 8 - Detroit (APP) 6
Tuesday, March 28th , 2023 - OOTP Baseball 23.10 Build 110